 Dungeon Crawl Stone Soup version 0.31-a0-986-g5e6e4ef867 (webtiles) character file.

Game seed: 13881754757499017728

6265 LeprechaunX the Mimic (level 10, -7/64 HPs)
             Began as an Octopode Shapeshifter on Nov 20, 2023.
             Was a Believer of Hepliaklqana.
             Mangled by a polar bear (16 damage)
             ... on level 8 of the Dungeon.
             The game lasted 00:12:13 (8678 turns).

LeprechaunX the Mimic (Octopode Shapeshifter)       Turns: 8678, Time: 00:12:13

Health: -7/64      AC:  1    Str: 16    XL:     10   Next: 93%
Magic:  10/10      EV: 15    Int: 12    God:    Hepliaklqana [**....]
Gold:   475        SH:  0    Dex: 20    Spells: 9/9 levels left

rFire   . . .        b - melded +2 flail (protect)
rCold   . . .        (shield currently unavailable)
rNeg    . . .        (helmet restricted)
rPois   .            N - amulet of regeneration
rElec   .            I - +6 ring of dexterity
rCorr   .            O - ring of flight
SInv    .            (no ring)
Will    .....        (no ring)
Stlth   +++          (no ring)
HPRegen 1.10/turn    (no ring)
MPRegen 0.12/turn    (no ring)
                     (no ring)

%: no passive effects
@: blade tentacles, flying, studying Maces & Flails
A: reduced essence, almost no armour, amphibious, 8 rings, camouflage 1,
gelatinous body 1, (nimble swimmer 1), tentacles
a: Begin Untransformation, Renounce Religion, Recall Ancestor, Ancestor Identity


You were on level 8 of the Dungeon.
You worshipped Hepliaklqana.
Hepliaklqana was pleased with you.
You had blades for main tentacles.
You visited 2 branches of the dungeon, and saw 10 of its levels.

You collected 475 gold pieces.

Inventory:

Hand Weapons
 a - a +0 sling
 b - a +2 flail of protection (melded)
Missiles
 i - 3 darts of dispersal
 n - 2 boomerangs (quivered)
 o - 5 javelins
 q - 2 throwing nets
Jewellery
 I - a +6 ring of dexterity (left blade tentacle)
 N - an amulet of regeneration (around mantle)
 O - a ring of flight (right blade tentacle)
Talismans
 c - a flux talisman
 l - a beast talisman
 m - a blade talisman (active)
Wands
 t - a wand of iceblast (20)
 B - a wand of light (1)
 C - a wand of charming (7)
 J - a wand of flame (22)
Scrolls
 j - a scroll of enchant armour {unknown}
 p - a scroll of acquirement {unknown}
 r - 3 scrolls of teleportation {unknown}
 u - a scroll of torment {unknown}
 v - 2 scrolls of noise {unknown}
 y - a scroll of summoning {unknown}
 z - 3 scrolls of fear {unknown}
 A - 2 scrolls of enchant weapon {unknown}
 D - a scroll of identify {unknown}
 F - 2 scrolls of poison {unknown}
 H - a scroll of amnesia {unknown}
 L - a scroll of immolation {unknown}
 M - a scroll of fog {unknown}
Potions
 d - 2 potions of heal wounds {unknown}
 e - a potion of haste {unknown}
 f - 3 potions of brilliance {unknown}
 g - 4 potions of might {unknown}
 h - 4 potions of degeneration {unknown}
 k - 3 potions of mutation {unknown}
 s - a potion of cancellation {unknown}
 w - 2 potions of attraction {unknown}
 x - 2 potions of lignification
 E - 2 potions of curing {unknown}
 G - a potion of invisibility {unknown}
 K - a potion of enlightenment {unknown}


   Skills:
 + Level 8.3 Fighting
 + Level 4.3 Dodging
 + Level 5.3 Unarmed Combat
 - Level 5.0 Evocations
 * Level 11.2 Shapeshifting


You had 9 spell levels left.
You didn't know any spells.
Your spell library contained the following spells:

 Spells                   Type           Power      Damage    Failure   Level
 Slow                     Hex            0%         N/A       32%         1
 Blink                    Tloc           0%         N/A       45%         2
 Lesser Beckoning         Tloc           0%         N/A       45%         2
 Momentum Strike          Conj/Tloc      0%         3d8       45%         2
 Static Discharge         Conj/Air       0%         3-3/arc   45%         2
 Confusing Touch          Hex            0%         N/A       69%         3
 Ozocubu's Armour         Ice            0%         N/A       69%         3
 Sigil of Binding         Hex            0%         N/A       69%         3
 Vampiric Draining        Necr           0%         2d6       69%         3
 Airstrike                Air            0%         2d(0-16)  97%         4
 Summon Lightning Spire   Summ/Air       0%         N/A       97%         4
 Summon Forest            Summ/Tloc      0%         N/A       100%        5
 Summon Mana Viper        Hex/Summ       0%         N/A       100%        5
 Summon Cactus Giant      Summ           0%         N/A       100%        6
 Ozocubu's Refrigeration  Ice            0%         4d7       100%        7


Dungeon Overview and Level Annotations

Branches:
Dungeon (9/15)             Temple (1/1) D:7            Lair (0/5) D:9
    Orc: D:9-12

Altars:
Ashenzari
Cheibriados
Dithmenos
Elyvilon
Fedhas
Gozag
Hepliaklqana
Kikubaaqudgha
Makhleb
Nemelex Xobeh
Okawaru
Qazlal
Ru
Sif Muna
Trog
Uskayaw
Vehumet
Wu Jian
Xom
Yredelemnul
Zin

Shops:
D:1 [   D:2 :   D:5 :   D:7 ?

Annotations:
D:7 1 runed translucent door, Crazy Yiuf


Innate Abilities, Weirdness & Mutations

You have blades for main tentacles.
You are incapable of wielding weapons or throwing items.
Your life essence is reduced to manifest your ancestor. (-10% HP)
You cannot wear most types of armour.
You are amphibious.
You can wear up to eight rings at the same time.
Your skin changes colour to match your surroundings (Stealth+).
Your rubbery body absorbs attacks. (AC +1, EV +1)
((You are camouflaged when in or above water. (Stealth+)))
You have tentacles for arms and can constrict up to eight enemies at once.


Message History

* * * LOW HITPOINT WARNING * * *
The polar bear claws you but does no damage.
The polar bear barely misses you.
There is a stone staircase leading up here.
You fly upwards.
There is a stone staircase leading down here.
Unknown command.
The polar bear attacks as it pursues you!
The polar bear misses you.
The polar bear claws you but does no damage.
The polar bear closely misses you.
You completely miss the polar bear. You squeeze the polar bear.
The polar bear is heavily wounded.
The polar bear bites you.
* * * LOW HITPOINT WARNING * * *
The polar bear claws you.
* * * LOW HITPOINT WARNING * * *
The polar bear claws you.
* * * LOW HITPOINT WARNING * * *
You barely miss the polar bear.
The polar bear is heavily wounded.
The polar bear barely misses you.
The polar bear claws you but does no damage.
The polar bear claws you.
* * * LOW HITPOINT WARNING * * *
Unknown command.
The polar bear attacks as it pursues you!
The polar bear misses you. The polar bear barely misses you.
The polar bear misses you.
The polar bear attacks as it pursues you!
The polar bear closely misses you. The polar bear claws you.
* * * LOW HITPOINT WARNING * * *
The polar bear closely misses you.
The polar bear attacks as it pursues you!
The polar bear bites you.
* * * LOW HITPOINT WARNING * * *
The polar bear closely misses you. The polar bear barely misses you.
The polar bear attacks as it pursues you!
The polar bear bites you!
You die...

#.......... #.......... ######
#.#.#####.. #....# #.#.# #..
#....###############.#.#####..
#.......)....................<
###.#######..................#
#####.# #......##.####.######.#
#.....# #.....@##.# #.# ####.#
#.###.# #.....h##.####.# #....#
#.#...# ###............######.#
##.#.#.# ###...............# #.#
...#.#.# #......##..##..#### #.#
####.#.#######...##..##..# ###
####.#.#.........##..##..########
.................................
.......#.#####.......##..#####...


You could see a polar bear.

Vanquished Creatures
  A rime drake (D:9)
  A hornet (D:8)
  A wyvern (D:9)
  A vampire (D:6)
  A wraith (D:6)
  Eustachio (D:6)
  Menkaure (D:6)
  Edmund (D:4)
  An acid dragon (D:6)
  3 water moccasins
  2 sky beasts
  An orc warrior (D:7)
  7 black bears
  An ice beast (D:5)
  A wolf (D:9)
  3 ogres
  2 centaurs
  3 phantoms
  3 bullfrogs
  A scorpion (D:4)
  6 wights (D:9)
  2 howler monkeys
  6 hounds
  2 jellies
  2 sleepcaps
  A gnoll bouda (D:7)
  3 orc priests
  4 iguanas
  Ijyb (D:4)
  3 orc wizards
  Natasha (thrice) (D:3)
  7 gnolls
  13 adders
  A shadow imp (D:6)
  A white imp (D:7)
  2 ufetubi (D:5)
  4 worms
  11 orcs
  12 endoplasms
  5 giant cockroaches
  9 goblins
  5 hobgoblins
  5 jackals
  A quokka (D:2)
  4 ball pythons
  A ball python skeleton (D:2)
  2 ball python zombies (D:2)
  7 bats
  3 frilled lizards
  6 kobolds
  A quokka zombie (D:2)
  5 rats
174 creatures vanquished.

Vanquished Creatures (collateral kills)
  A cyclops (D:8)
  A polar bear (D:9)
  2 ice beasts (D:6)
  A wolf (D:9)
  A bullfrog (D:6)
  A scorpion (D:6)
  4 wights (D:9)
  An orc wizard (D:8)
  An iguana (D:6)
  3 orcs
16 creatures vanquished.

Vanquished Creatures (others)
  An ancestor (D:7)
  A battlemage (D:9)
2 creatures vanquished.

Grand Total: 192 creatures vanquished

Notes
Turn   | Place    | Note
-------+----------+-------------------------------------------
     0 | D:1      | LeprechaunX the Octopode Shapeshifter began the quest for
                  | the Orb.
     0 | D:1      | Reached XP level 1. HP: 13/13 MP: 1/1
   144 | D:1      | Reached XP level 2. HP: 18/18 MP: 2/2
   348 | D:1      | Found Luvixt's Armour Shop.
   705 | D:2      | Reached XP level 3. HP: 23/23 MP: 3/3
   753 | D:2      | Reached XP level 4. HP: 13/29 MP: 4/4
   959 | D:2      | Reached skill level 4 in Shapeshifting
  1177 | D:2      | Found Kimagor's Vocational Training.
  1685 | D:3      | Noticed Natasha
  1690 | D:3      | Killed Natasha
  1691 | D:3      | Reached XP level 5. HP: 21/35 MP: 5/5
  1834 | D:3      | Noticed Natasha
  1845 | D:3      | Killed Natasha
  2168 | D:3      | Noticed Natasha
  2173 | D:3      | Killed Natasha
  3119 | D:4      | Reached skill level 5 in Shapeshifting
  3119 | D:4      | Reached XP level 6. HP: 22/42 MP: 6/6
  3343 | D:4      | Noticed a black bear
  3349 | D:4      | Killed a black bear
  3350 | D:4      | Reached skill level 6 in Shapeshifting
  3350 | D:4      | Reached XP level 7. HP: 48/48 MP: 7/7
  3562 | D:4      | Noticed Ijyb
  3589 | D:4      | Killed Ijyb
  3755 | D:4      | Reached skill level 1 in Evocations
  3755 | D:4      | Reached XP level 8. HP: 40/54 MP: 8/8
  3824 | D:4      | Noticed Edmund
  3836 | D:4      | Killed Edmund
  3837 | D:4      | Reached skill level 7 in Shapeshifting
  3978 | D:4      | Reached skill level 5 in Fighting
  4382 | D:5      | Entered Level 5 of the Dungeon
  4636 | D:5      | You fall into a shaft and drop 3 floors!
  4715 | D:7      | Found a staircase to the Ecumenical Temple.
  4742 | D:7      | Found a transporter.
  4742 | D:7      | Found Vegipreo's Magic Scroll Emporium.
  4953 | D:7      | Found a transporter.
  4974 | D:7      | Reached skill level 8 in Shapeshifting
  5012 | Temple   | Entered the Ecumenical Temple
  5036 | Temple   | Became a worshipper of Hepliaklqana the Forgotten
  5326 | D:5      | Found Ughaseugg's Self-Published Books.
  5539 | D:5      | Reached XP level 9. HP: 62/62 MP: 9/9
  5753 | D:5      | Identified the staff "Yheeptiq" {rPois Int+2 Poison}
  5997 | D:6      | Noticed Eustachio
  6001 | D:6      | Killed Eustachio
  6015 | D:6      | Reached * piety under Hepliaklqana
  6155 | D:6      | Reached skill level 9 in Shapeshifting
  6251 | D:6      | Reached skill level 5 in Evocations
  6615 | D:6      | Reached skill level 10 in Shapeshifting
  6632 | D:6      | Noticed Menkaure
  6636 | D:6      | Killed Menkaure
  6637 | D:6      | Reached XP level 10. HP: 63/63 MP: 10/10
  7087 | D:7      | Found a runed translucent door.
  7088 | D:7      | Noticed Crazy Yiuf
  7726 | D:8      | Reached ** piety under Hepliaklqana
  7727 | D:8      | Remembered your ancestor Gnaeus as a battlemage
  7913 | D:8      | Noticed a cyclops
  7929 | D:8      | Killed a cyclops
  8560 | D:9      | Reached skill level 5 in Unarmed Combat
  8571 | D:9      | Reached skill level 11 in Shapeshifting
  8622 | D:9      | Found a staircase to the Lair.
  8642 | D:9      | HP: 1/64 [polar bear (18)]
  8670 | D:8      | HP: 3/64 [polar bear (3)]
  8678 | D:8      | Mangled by a polar bear

Illustrated notes

Levels and vault maps discovered:
D:1:      wander_arrival_peaceful_grave, layout_basic, serial_shops,
          nicolae_shop_back_alley_shop
D:2:      layout_rooms, serial_undead, serial_undead_d, serial_undead_f,
          serial_undead_f, serial_undead_b, nicolae_shop_vocational
D:3:      layout_basic, minivault_25, uniq_natasha
D:4:      kennysheep_the_goblin_king, layout_basic, uniq_edmund
D:5:      layout_loops_corners, minivault_23, nicolae_custom_books
D:6:      layout_gridville, minmay_manual_monstrance, uniq_eustachio,
          uniq_menkaure
D:7:      layout_loops_cross, temple_statues, serial_shops,
          nicolae_shop_drivethru, minmay_between, uniq_crazy_yiuf_cottage
D:8:      layout_basic, minmay_sticks_and_stones
D:9:      layout_cave_pods, mainiacjoe_overflow_cross_hatched,
          hellmonk_lair_entry_icy
Temple:   roderic_octagonal_lattice_temple

Skill      XL: |  1  2  3  4  5  6  7  8  9 10 |
---------------+-------------------------------+-----
Fighting       | 2 3 4 5 7 8 |  8.3
Shapeshifting  | 4 5 6 8 10 11 | 11.2
Evocations     | 1 3 5 |  5.0
Unarmed Combat | 5 |  5.3
Dodging        | 4 |  4.3

Action                     |  1- 3 |  4- 6 |  7- 9 | 10-12 || total
---------------------------+-------+-------+-------+-------++-------
  Melee: Unarmed           |    62 |    30 |     1 |    93 ||   186
         Tentacles         |     8 |    24 |    38 |    20 ||    90
         Constrict         |    11 |    26 |    31 |    17 ||    85
         Punch             |     2 |     4 |     9 |     1 ||    16
         Flail             |       |    58 |   165 |       ||   223
   Fire: Sling             |       |       |    24 |       ||    24
  Throw: Boomerang         |       |     6 |     4 |       ||    10
         Dart              |       |     1 |       |       ||     1
 Invoke: Ancestor Life: Ba |       |       |       |     1 ||     1
   Stab: Sleeping          |     3 |     8 |    12 |     4 ||    27
 Armour: Skin              |    22 |    42 |   110 |    67 ||   241
  Dodge: Dodged            |    37 |    44 |   114 |    82 ||   277
   Form: Blade             |       |       |     1 |       ||     1

Table legend: (Time is in decaauts)
 A = Elapsed time spent in this place.
 B = Non-inter-level travel time spent in this place.
 C = Inter-level travel time spent in this place.
 D = Time resting spent in this place.
 E = Time spent auto-exploring this place.
 F = Levels seen in this place.
 G = Mean time per level.
                   A        B        C        D        E       F      G
               +--------+--------+--------+--------+--------+-----+--------+
         Total |   8783 |   8199 |    584 |    596 |   6144 |  10 |  878.3 |
       Dungeon |   8734 |   8196 |    538 |    596 |   6144 |   9 |  970.4 |
        Temple |     48 |      2 |     46 |      0 |      0 |   1 |   48.0 |
               +--------+--------+--------+--------+--------+-----+--------+

Top non-repeatable levels by time:
     D:3: 1759 daAuts
     D:4: 1374 daAuts
     D:6: 1139 daAuts
     D:7: 1044 daAuts
     D:8: 916 daAuts
     D:5: 914 daAuts
     D:1: 699 daAuts
     D:2: 603 daAuts
     D:9: 283 daAuts
  Temple: 48 daAuts
